[Event "MČR v bleskovém šachu družstev 2019"]
[Site "Teplice, Czech Republic"]
[Date "2019.09.14"]
[Round "15.28"]
[White "Skacelik, Petr"]
[Black "Routner, Jakub"]
[Result "1-0"]
[TimeControl "3 mim. + 2 s"]
[WhiteFideId "307904"]
[BlackFideId "322245"]
[WhiteElo "2078"]
[BlackElo "2138"]

1. d4 Nf6 2. c4 e6 3. Nc3 Bb4 4. Qc2 c5 5. dxc5 O-O 6. Nf3 Bxc5 7. Bg5 Be7 8. Rd1 a6 9.
e3 Qc7 10. Be2 b6 11. O-O Bb7 12.
b3 d6 13. Rc1 Nbd7 14. Rfd1 Rac8 15. Nd4 Rfd8 16. f3 h6 17. Bh4 Nf8 18. Bd3 Qb8 19. Ne4 N8d7 20. Nxf6+ Bxf6 21. Bg3 Be5 22. f4 Bf6 23. Qf2 Nc5 24.
Bb1 Ne4 25. Qe1 Nxg3 26. Qxg3 Qa8 27. Re1 Be4 28. Bxe4 Qxe4 29. Qf3 Qxf3 30. Nxf3 d5 31. cxd5 Rxc1 32. Rxc1 Rxd5 33. Kf2 g6 34. Ke2 Be7 35. Rc6 Bc5 36. b4 Bxb4 37. Rxb6 a5 38. Nd4 Bc5 39. Rb8+ Kg7 40. Nb3 Bb4 41. Ra8 Kf6 42.
e4 Rb5 43. h3 e5 44. a4 Rb6 45. Nxa5 exf4 46. Nc4 Rc6 47. Kd3 Rc7 48. a5 Rd7+ 49. Kc2 Rd4 50. Kb3 Be1 51. Re8 Rd7 52. Ka4 Rd4 53. Kb5 Rd1 54. a6 Rb1+ 55. Kc6 Rb4 56. Nb6 Bf2 57. Nd5 1-0